 Dungeon Crawl Stone Soup version 0.19.4-8-ga85b6b9 (webtiles) character file.

177 esteth the Slasher (level 5, -1/73 HPs)
             Began as a Naga Fighter on Feb 14, 2017.
             Slain by a sky beast (5 damage)
             ... on level 4 of the Dungeon.
             The game lasted 00:05:58 (1980 turns).

esteth the Slasher (Naga Fighter)                   Turns: 1980, Time: 00:05:59

Health: -1/73      AC: 22    Str: 19    XL:     5   Next: 57%
Magic:  5/5        EV:  1    Int: 14    God:
Gold:   173        SH:  8    Dex: 10    Spells: 0 memorised, 4 levels left

rFire  . . .     SeeInvis +     a - +0 long sword
rCold  . . .     Gourm    .     (armour currently unavailable)
rNeg   + + +     Faith    .     c - +0 shield
rPois  +         Spirit   .     (helmet currently unavailable)
rElec  .         Reflect  .     (cloak currently unavailable)
rCorr  .         Harm     .     (gloves currently unavailable)
MR     +....     NoTele   +     (no barding)
Stlth  ++........               (no amulet)
                                (no ring)
                                n - ring of stealth

@: brilliant, tree-form
A: see invisible, (deformed body), magic resistance 1, (poison resistance),
(slowness 0), slow metabolism 1, spit poison 1, AC +1
a: Spit Poison


You were on level 4 of the Dungeon.
You were not hungry.
You were a tree.
You visited 1 branch of the dungeon, and saw 4 of its levels.

You collected 173 gold pieces.

Inventory:

Hand Weapons
 a - a +0 long sword (weapon)
Armour
 b - a +2 scale mail (melded)
 c - a +0 shield (worn)
Jewellery
 i - a cursed amulet of inaccuracy
 j - an uncursed ring of ice
 n - a ring of stealth (left branch)
 q - an uncursed amulet of guardian spirit {unknown}
Scrolls
 u - a scroll of fear
 v - a scroll of remove curse
Potions
 g - a potion of flight
Comestibles
 f - 3 bread rations
 k - a royal jelly
 o - a chunk of flesh
 p - 4 fruits
 w - a meat ration


   Skills:
 - Level 3.0 Fighting
 + Level 5.6 Long Blades
 - Level 2.4 Armour
 - Level 2.4 Shields


You had 4 spell levels left.
You didn't know any spells.

Dungeon Overview and Level Annotations

Branches:
Dungeon (4/15)
 Temple: D:4-7

Altars:

Annotations:
D:4 Paps's ghost, amateur TrFi


Innate Abilities, Weirdness & Mutations

You cannot wear boots.
((Your serpentine skin is tough. (AC +1)))
You have supernaturally acute eyesight. (SInv)
((Armour fits poorly on your strangely shaped body.))
((Your system is resistant to poisons. (rPois)))
((You cover ground very slowly.))
You have a slow metabolism.
You can spit poison.
You are resistant to hostile enchantments. (MR+)


Message History

You feel forgetful for a moment.
The sky beast hits you but does no damage.
As you read the scroll labeled SUSMEI BAASCH, it crumbles to dust.
It is a scroll of identify.
i - a cursed amulet of inaccuracy Paps's ghost says, "I was like you once."
The sky beast hits you but does no damage.
You barely miss the sky beast.
The sky beast is almost dead.
Paps's ghost shouts, "You must not fail where I succeeded!"
The sky beast hits you but does no damage.
You hit the sky beast.
The sky beast is almost dead.
The sky beast hits you but does no damage.
You closely miss the sky beast.
The sky beast is almost dead.
The sky beast hits you.
* * * LOW HITPOINT WARNING * * *
The sky beast shocks you.
You die...

#.# #.# #.# ###'######
#.########........#
#..........^......#
#.................##
#.................'. ...
#.................#. ....
###########'##...######.
....###>...WY♣.....'...+......
............##.##'##...##.....
............##.....#...##.....
#.........##.....#(..##.....
#.........###....#...##.....
#.........# #....######.....
#.........# #....# #.....
#####'#######....# #.....
#......####### .....


You could see a sky beast and Paps's ghost.

Vanquished Creatures
  A howler monkey (D:4)
  7 adders
  An ooze (D:3)
  A worm (D:2)
  A dart slug (D:1)
  A leopard gecko (D:4)
  2 orcs (D:3)
  A ball python (D:2)
  4 giant cockroaches
  9 goblins
  9 hobgoblins
  3 jackals (D:3)
  8 kobolds
  2 quokkas
  6 bats
  A leopard gecko skeleton (D:4)
  5 rats
62 creatures vanquished.

Notes
Turn   | Place    | Note
-------+----------+-------------------------------------------
     0 | D:1      | esteth the Naga Fighter began the quest for the Orb.
     0 | D:1      | Reached XP level 1. HP: 21/21 MP: 1/1
    90 | D:1      | Reached XP level 2. HP: 14/28 MP: 2/2
   309 | D:1      | Reached skill level 3 in Long Blades
   553 | D:1      | Reached XP level 3. HP: 34/34 MP: 3/3
   966 | D:2      | Reached skill level 4 in Long Blades
  1014 | D:2      | Reached XP level 4. HP: 42/42 MP: 4/4
  1828 | D:4      | Reached skill level 5 in Long Blades
  1828 | D:4      | Reached XP level 5. HP: 48/49 MP: 5/5
  1922 | D:4      | Noticed Paps's ghost (amateur TrFi)
  1928 | D:4      | Noticed a sky beast
  1971 | D:4      | Gained mutation: You are resistant to hostile enchantments. (MR+) [potion of beneficial mutation]
  1973 | D:4      | HP: 3/73 [sky beast (6)]
  1980 | D:4      | Slain by a sky beast

Skill      XL: |  1  2  3  4 |
---------------+-------------+-----
Long Blades    | 3 4 5 |  5.6
Fighting       | |  3.0
Armour         | |  2.4
Shields        | |  2.4

Action                   |  1- 3 |  4- 6 || total
-------------------------+-------+-------++-------
Melee: Long sword        |   109 |   107 ||   216
 Abil: Spit Poison       |       |     1 ||     1
  Use: Scroll            |     6 |     3 ||     9
       Potion            |       |     7 ||     7
  Eat: Chunk             |       |     3 ||     3
Armor: Scale mail        |    66 |    62 ||   128
       Skin              |       |     7 ||     7
Dodge: Dodged            |    29 |    22 ||    51
Block: Shield            |    68 |    65 ||   133
       Rpst.: Long sword |    14 |    10 ||    24
